 Dungeon Crawl Stone Soup version 0.19.1 (webtiles) character file.

212 Kailar the Sneak (level 6, -1/34 HPs)
             Began as a Kobold Enchanter on Nov 28, 2016.
             Killed by divine providence
             ... invoked by an orc priest
              (16 damage)
             ... on level 4 of the Dungeon.
             The game lasted 00:49:20 (3545 turns).

Kailar the Sneak (Kobold Enchanter)                 Turns: 3545, Time: 00:49:21

Health: -1/34      AC:  6    Str:  6    XL:     6   Next: 13%
Magic:  1/10       EV: 15    Int: 17    God:
Gold:   97         SH:  0    Dex: 16    Spells: 4 memorised, 2 levels left

rFire  . . .     SeeInvis .     l - +1 dagger (flame)
rCold  + . .     Gourm    .     r - +2 robe {rC+}
rNeg   . . .     Faith    +     (shield restricted)
rPois  .         Spirit   .     (no helmet)
rElec  .         Reflect  .     m - +1 cloak
rCorr  .         Harm     .     (no gloves)
MR     .....                    (no boots)
Stlth  +++.......               s - amulet of faith
                                (no ring)
                                (no ring)

@: no status effects
A: carnivore 3
a: no special abilities


You were on level 4 of the Dungeon.
You were full.

You visited 1 branch of the dungeon, and saw 4 of its levels.

You collected 97 gold pieces.

Inventory:

Hand Weapons
 a - a +1 dagger
 l - a +1 dagger of flaming (weapon)
 q - a +1 hand axe of draining
 u - a +1 short sword of flaming
Missiles
 g - 35 arrows
 h - 203 stones (quivered)
 k - 6 javelins
 t - 15 sling bullets
Armour
 b - a +1 robe
 m - a +1 cloak (worn)
 r - a +2 robe of cold resistance (worn)
Jewellery
 s - an amulet of faith (around neck)
Wands
 f - a wand of flame (25/48)
Scrolls
 e - a scroll of remove curse
Potions
 j - a potion of ambrosia
Books
 c - a book of Maledictions

   Spells                             Type                      Level
   a - Corona                         Hexes                        1
   b - Ensorcelled Hibernation        Hexes/Ice                    2
   c - Confuse                        Hexes                        3
   d - Tukima's Dance                 Hexes                        3
   e - Dazzling Spray                 Conjuration/Hexes            3
 n - a book of Misfortune

   Spells                             Type                      Level
   a - Confusing Touch                Hexes                        1
   b - Confuse                        Hexes                        3
   c - Gell's Gravitas                Hexes/Translocation          3
   d - Petrify                        Transmutation/Earth          4
   e - Metabolic Englaciation         Hexes/Ice                    5
   f - Yara's Violent Unravelling     Hexes/Transmutation          5
Comestibles
 d - 2 meat rations
 i - 2 beef jerkies
 o - a royal jelly


   Skills:
 + Level 1.0 Fighting
 * Level 2.3 Short Blades
 + Level 0.2 Throwing
 + Level 2.7 Dodging
 * Level 6.1 Stealth
 + Level 3.0 Spellcasting
 + Level 1.4 Conjurations
 * Level 3.8 Hexes
 * Level 1.0 Ice Magic


You had 2 spell levels left.
You knew the following spells:

 Your Spells              Type           Power        Failure   Level  Hunger
a - Corona                Hex            ###....      3%          1    None
b - Ensorcelled Hibernat  Hex/Ice        ##....       12%         2    ##.....
c - Dazzling Spray        Conj/Hex       ##....       21%         3    ###....
d - Confuse               Hex            ###.....     12%         3    ###....


Dungeon Overview and Level Annotations

Branches:
Dungeon (4/15)
 Temple: D:4-7

Altars:
Gozag
Okawaru


Innate Abilities, Weirdness & Mutations

You are small and have problems with some larger weapons.
You are carnivorous and can eat meat at any time.


Message History

Casting: Ensorcelled Hibernation
Confirm with . or Enter, or press ? or * to list all spells.
Aiming: Ensorcelled Hibernation
Press: ? - help, Shift-Dir - straight line, f - orc wizard
Aim: an orc wizard, wielding a dagger and wearing a robe (fast, chance to defeat MR: 41%)
The orc wizard resists with some effort.
The orc wizard closely misses you.
The orc wizard gestures wildly while chanting.
Casting: Ensorcelled Hibernation
Confirm with . or Enter, or press ? or * to list all spells.
Aiming: Ensorcelled Hibernation
Press: ? - help, Shift-Dir - straight line, f/p - orc wizard
Aim: an orc wizard, wielding a dagger and wearing a robe (fast, chance to defeat MR: 41%)
The orc wizard resists with some effort.
The orc wizard hits you but does no damage.
You hit the orc wizard but do no damage.
The orc wizard hits you but does no damage.
The orc priest calls down the wrath of Beogh upon you.
Beogh smites you!
You die...

#.......# ###.#
####'#### # #...#
#.####.#.###.#### #.#...
#........#
#.#.#########.#.#
########.............#.#
................>#.....#
##########.#####.#.#####
#@# #.#### #o# #....# ..
#o# ####.# .... #o#
#.####.##
(...##########o#
#.......#
..............#
######..#
..............# #..#
#....oo.....# #####..#
#...........# #......#


You could see an orc priest, an orc wizard and 2 orcs.

Vanquished Creatures
  A hound (D:4)
  3 orc wizards
  Terence (D:2)
  3 adders
  An ooze (D:3)
  3 dart slugs
  2 leopard geckos (D:3)
  6 orcs
  5 bats
  4 giant cockroaches
  8 goblins
  3 hobgoblins (D:1)
  2 quokkas
  3 ball pythons
  7 frilled lizards
  6 kobolds
  A quokka skeleton (D:4)
  6 rats
65 creatures vanquished.

Notes
Turn   | Place    | Note
-------+----------+-------------------------------------------
     0 | D:1      | Kailar the Kobold Enchanter began the quest for the Orb.
     0 | D:1      | Reached XP level 1. HP: 10/10 MP: 3/3
    44 | D:1      | Reached XP level 2. HP: 15/15 MP: 5/5
    51 | D:1      | Learned a level 2 spell: Ensorcelled Hibernation
   523 | D:1      | Reached XP level 3. HP: 19/19 MP: 3/6
   528 | D:1      | Learned a level 3 spell: Dazzling Spray
  1034 | D:2      | Reached skill level 5 in Stealth
  1458 | D:2      | Noticed Terence
  1465 | D:2      | Killed Terence
  1465 | D:2      | Reached XP level 4. HP: 24/24 MP: 7/7
  1931 | D:3      | Reached skill level 1 in Conjurations
  2117 | D:3      | Reached XP level 5. HP: 28/28 MP: 7/9
  3113 | D:4      | Learned a level 3 spell: Confuse
  3121 | D:4      | Reached skill level 1 in Fighting
  3247 | D:4      | Noticed a phantom
  3330 | D:4      | HP: 1/29 [phantom (8)]
  3404 | D:4      | Found an iron altar of Okawaru.
  3427 | D:4      | Found an opulent altar of Gozag.
  3494 | D:4      | Reached skill level 1 in Ice Magic
  3507 | D:4      | Reached skill level 6 in Stealth
  3507 | D:4      | Reached XP level 6. HP: 22/34 MP: 0/10
  3545 | D:4      | Killed from afar by an orc priest

Skill      XL: |  1  2  3  4  5 |
---------------+----------------+-----
Stealth        | 5 6 |  6.1
Short Blades   | 2 |  2.3
Conjurations   | 1 |  1.4
Fighting       | 1 |  1.0
Ice Magic      | 1 |  1.0
Spellcasting   | 3 |  3.0
Throwing       | |  0.2
Dodging        | |  2.7
Hexes          | |  3.8

Action                   |  1- 3 |  4- 6 || total
-------------------------+-------+-------++-------
Melee: Dagger            |    91 |   104 ||   195
Throw: Stone             |     7 |       ||     7
 Cast: Corona            |     6 |     6 ||    12
       Ensorcelled Hiber |    17 |    27 ||    44
       Confuse           |       |     4 ||     4
       Dazzling Spray    |       |     2 ||     2
  Use: Scroll            |     3 |     3 ||     6
       Potion            |     1 |     4 ||     5
 Stab: Sleeping          |    20 |    19 ||    39
       Distracted        |     2 |       ||     2
  Eat: Chunk             |     9 |     9 ||    18
Armor: Robe              |    10 |    31 ||    41
Dodge: Dodged            |    68 |    66 ||   134
